 Dungeon Crawl Stone Soup version 0.31-a0-859-g9dce7d3444 (webtiles) character file.

Game seed: 7605495013408831919

9 Kurtz the Sneak (level 2, 0/28 HPs)
             Began as a Naga Delver on Oct 9, 2023.
             Succumbed to an adder's poison
             ... on level 5 of the Dungeon.
             The game lasted 00:00:27 (110 turns).

Kurtz the Sneak (Naga Delver)                        Turns: 110, Time: 00:00:28

Health: 0/28       AC:  3    Str: 14    XL:     2   Next: 12%
Magic:  2/2        EV:  7    Int: 10    God:
Gold:   19         SH:  0    Dex: 12    Spells: 1/1 levels left

rFire   . . .        a - +0 hand axe
rCold   . . .        (no shield)
rNeg    . . .        h - +0 scale mail
rPois   +            (no helmet)
rElec   .            (no cloak)
rCorr   .            (no gloves)
SInv    +            (no barding)
Will    .....        (no amulet)
Stlth   ++           (no ring)
HPRegen 0.24/turn    (no ring)
MPRegen 0.08/turn

%: no passive effects
@: lethally poisoned (0 -> -1), very slow
A: AC +0, large, see invisible, deformed body, poison resistance, slowness 2,
spit poison 1, naga tail 1
a: Spit Poison


You were on level 5 of the Dungeon.
You visited 1 branch of the dungeon, and saw 1 of its levels.

You collected 19 gold pieces.

Inventory:

Hand Weapons
 a - a +0 hand axe (weapon)
Armour
 b - a +0 leather armour
 h - a +0 scale mail (worn)
Wands
 g - a wand of digging (3)
 i - a wand of charming (14) (quivered)
Scrolls
 c - a scroll of fog
 d - a scroll of revelation
 e - a scroll of fear
Potions
 f - a potion of haste


   Skills:
 - Level 3.0 Fighting
 * Level 2.8 Axes
 - Level 1.5 Dodging
 - Level 7.2 Stealth


You had one spell level left.
You didn't know any spells.
Your spell library was empty.

Dungeon Overview and Level Annotations

Branches:
Dungeon (5/15)
 Temple: D:4-7

Altars:

Annotations:
D:5 Grinder


Innate Abilities, Weirdness & Mutations

Your serpentine skin is tough. (AC +0)
You have supernaturally acute eyesight. (SInv)
Armour fits poorly on your strangely shaped body.
Your system is resistant to poisons. (rPois)
You cover ground very slowly.
You can spit poison.
You have a snake-like lower body.


Message History

Anything else - Cancel.
Gang up on whom?
Press: ? - help, Dir - move target, f - hound
Aim: a hound (moderately wounded, ally target) Attack!
You feel sick. The hound bites you.
Your sleepcap closely misses the hound.
Unknown command.
You hit the hound.
The hound is heavily wounded.
You feel sick. The hound barely misses you. The hound bites you.
* * * LOW HITPOINT WARNING * * *
Your sleepcap closely misses the hound.
Unknown command.
Unknown command.
Okay, then.
You closely miss the hound.
The hound is heavily wounded.
You feel sick. The hound bites you.
* * * LOW HITPOINT WARNING * * *
Your sleepcap releases spores at the hound.
The hound bites your sleepcap.
Unknown command.
Unknown command.
You miss the hound. Your punch misses the hound.
The hound is severely wounded.
You feel sick. The hound completely misses you.
Your sleepcap closely misses the hound.
The hound bites you.
* * * LOW HITPOINT WARNING * * *
Unknown command.
Unknown command.
Unknown command.
You miss the hound.
The hound is severely wounded.
* * * LOW HITPOINT WARNING * * *
You feel sick.
Your sleepcap closely misses the hound.
The hound barely misses you.
Unknown command.
You closely miss the hound.
The hound is severely wounded.
You die...

##### ..... #...####
#...... #.(..#####
##....#..$.
#..@....#..#.#
#..hf.#....#.#
#.#.....#.##.#..
#............#.#######
###.#.#.#.####.#....[#
#.#.....####.#.###.#
#.#.#........#.###.#
#.#.#............#.#
#.#........#.#.#.#


You could see a hound (ally target) and a friendly sleepcap (charmed).

Vanquished Creatures
  An adder (D:5)
1 creature vanquished.

Notes
Turn   | Place    | Note
-------+----------+-------------------------------------------
     0 | D:5      | Kurtz the Naga Delver began the quest for the Orb.
     0 | D:5      | Reached XP level 1. HP: 21/21 MP: 1/1
    43 | D:5      | Noticed Grinder
    89 | D:5      | Noticed a sleepcap
   100 | D:5      | Noticed a hound
   105 | D:5      | Reached XP level 2. HP: 18/28 MP: 2/2
   108 | D:5      | HP: 1/28 [hound (4)]
   110 | D:5      | Succumbed to an adder's poison

Illustrated notes

Levels and vault maps discovered:
D:5:      layout_basic, nicolae_overflow_crystal_walls, uniq_grinder

Action                     || total
---------------------------++-------
  Melee: Hand axe          ||     6
  Evoke: Wand              ||     1
 Armour: Scale mail        ||     7
  Dodge: Dodged            ||     4

Table legend: (Time is in decaauts)
 A = Elapsed time spent in this place.
 B = Non-inter-level travel time spent in this place.
 C = Inter-level travel time spent in this place.
 D = Time resting spent in this place.
 E = Time spent auto-exploring this place.
 F = Levels seen in this place.
 G = Mean time per level.
                   A        B        C        D        E       F      G
               +--------+--------+--------+--------+--------+-----+--------+
         Total |    145 |    123 |     22 |      0 |     69 |   1 |  145.0 |
       Dungeon |    145 |    123 |     22 |      0 |     69 |   1 |  145.0 |
               +--------+--------+--------+--------+--------+-----+--------+

Top non-repeatable levels by time:
     D:5: 145 daAuts
